IL
LEHIGH VALLEY IRONPIGS @ ROCHESTER RED WINGS
07/19/2110
 
TOP OF THE 1ST
Lehigh Valley IronPigs batting - Pitching for Rochester Red Wings : RHP Alex Serrano
Pitching: RHP Alex Serrano
Batting: RHB Carlos Ruiz 0-0: Ground out 5-3 (Groundball, 5, EV 88.8 MPH)
Batting: SHB Adam Arnett 0-0: Ball
1-0: DOUBLE (Line Drive, 5D, EV 100.6 MPH)
Batting: RHB Butch Kelley 0-0: Swinging Strike
0-1: Ground out 4-3 (Groundball, 4, EV 102.5 MPH)
Adam Arnett to third
Batting: SHB Alex Espinoza 0-0: Called Strike
0-1: DOUBLE (Line Drive, 3D, EV 96.3 MPH)
Adam Arnett scores
Batting: RHB Gomez Bessa 0-0: Called Strike
0-1: Foul Ball, location: 7LMF
0-2: DOUBLE (Line Drive, 9LS, EV 95.6 MPH)
Alex Espinoza scores
Batting: LHB Gordie Green 0-0: Ground out U3 (Groundball, 34, EV 77.5 MPH)
Top of the 1st over - 2 runs, 3 hits, 0 errors, 1 left on base; Lehigh Valley 2 - Rochester 0
BOTTOM OF THE 1ST
Rochester Red Wings batting - Pitching for Lehigh Valley IronPigs : RHP James Costello
Pitching: RHP James Costello
Batting: RHB Kevin Moore 0-0: Swinging Strike
0-1: Called Strike
0-2: DOUBLE (Line Drive, 78D, EV 100.6 MPH)
Batting: SHB Brent Newhouse 0-0: Ball
1-0: Ball
2-0: Ball
3-0: Base on Balls
Batting: LHB Miguel Leon 0-0: Grounds into double play, 3-6-3 (Groundball, 34D, EV 105.0 MPH)
Kevin Moore to third
Batting: LHB Scott Wilhelm 0-0: Ball
1-0: Ball
2-0: Ball
3-0: Base on Balls
Batting: SHB Cameron Middleton 0-0: Called Strike
0-1: SINGLE (Groundball, 34D, EV 98.1 MPH)
Kevin Moore scores
Scott Wilhelm to second
Batting: LHB Tyler Blanche 0-0: Ground out 6-3 (Groundball, P, EV 85.0 MPH)
Bottom of the 1st over - 1 run, 2 hits, 0 errors, 2 left on base; Lehigh Valley 2 - Rochester 1
TOP OF THE 2ND
Lehigh Valley IronPigs batting - Pitching for Rochester Red Wings : RHP Alex Serrano
Batting: LHB Javier Guzman 0-0: Ball
1-0: Called Strike
1-1: Ball
2-1: Foul Ball, location: 3F
2-2: Ball
3-2: Strikes out swinging
Batting: RHB Dan Petzoldt 0-0: Foul Ball, location: 2F
0-1: Ball
1-1: Foul Ball, location: 2F
1-2: Strikes out looking
Batting: LHB Brian Dyer 0-0: Ball
1-0: Ball
2-0: Ball
3-0: Called Strike
3-1: Called Strike
3-2: Strikes out looking
Top of the 2nd over - 0 runs, 0 hits, 0 errors, 0 left on base; Lehigh Valley 2 - Rochester 1
BOTTOM OF THE 2ND
Rochester Red Wings batting - Pitching for Lehigh Valley IronPigs : RHP James Costello
Batting: RHB Jason Moltz 0-0: Called Strike
0-1: Ball
1-1: Ground out 5-3 (Groundball, 15, EV 93.1 MPH)
Batting: RHB Joe Dougherty 0-0: Ball
1-0: Foul Ball, location: 3F
1-1: Ball
2-1: Foul Ball, location: 2F
2-2: SINGLE (Groundball, P, EV 90.6 MPH) (infield hit)
Batting: RHB J.J. Mick 0-0: Ball
1-0: Ground out 5-3 (Groundball, 5, EV 84.4 MPH)
Joe Dougherty to second
Batting: RHB Kevin Moore 0-0: Fly out, F8 (Flyball, 8LXD, EV 111.3 MPH)
Bottom of the 2nd over - 0 runs, 1 hit, 0 errors, 1 left on base; Lehigh Valley 2 - Rochester 1
TOP OF THE 3RD
Lehigh Valley IronPigs batting - Pitching for Rochester Red Wings : RHP Alex Serrano
Batting: RHB Carlos Ruiz 0-0: Ball
1-0: Ball
2-0: Called Strike
2-1: Fly out, F8 (Flyball, 8RXD, EV 110.0 MPH)
Batting: SHB Adam Arnett 0-0: Swinging Strike
0-1: Ball
1-1: Foul Ball, location: 3F
1-2: Strikes out swinging
Batting: RHB Butch Kelley 0-0: Foul Ball, location: 5F
0-1: Foul Ball, location: 2F
0-2: Ball
1-2: Ball
2-2: Strikes out looking
Top of the 3rd over - 0 runs, 0 hits, 0 errors, 0 left on base; Lehigh Valley 2 - Rochester 1
BOTTOM OF THE 3RD
Rochester Red Wings batting - Pitching for Lehigh Valley IronPigs : RHP James Costello
Batting: SHB Brent Newhouse 0-0: Called Strike
0-1: Ground out 5-3 (Groundball, 56, EV 104.4 MPH)
Batting: LHB Miguel Leon 0-0: Ball
1-0: Ball
2-0: Called Strike
2-1: Called Strike
2-2: Foul Ball, location: 5F
2-2: Foul Ball, location: 2F
2-2: Strikes out swinging
Batting: LHB Scott Wilhelm 0-0: SINGLE (Line Drive, 4D, EV 101.9 MPH)
Batting: SHB Cameron Middleton 0-0: Called Strike
Scott Wilhelm is caught stealing 2nd base 2-6
Bottom of the 3rd over - 0 runs, 1 hit, 0 errors, 0 left on base; Lehigh Valley 2 - Rochester 1
TOP OF THE 4TH
Lehigh Valley IronPigs batting - Pitching for Rochester Red Wings : RHP Alex Serrano
Batting: SHB Alex Espinoza 0-0: Called Strike
0-1: Foul Ball, location: 25F
0-2: Ball
1-2: Foul Ball, location: 2F
1-2: Strikes out swinging
Batting: RHB Gomez Bessa 0-0: Ball
1-0: Fly out, F4 (Line Drive, 4, EV 72.5 MPH)
Batting: LHB Gordie Green 0-0: Called Strike
0-1: Ball
1-1: Ball
2-1: Ball
3-1: Foul Ball, location: 2F
3-2: Strikes out swinging
Top of the 4th over - 0 runs, 0 hits, 0 errors, 0 left on base; Lehigh Valley 2 - Rochester 1
BOTTOM OF THE 4TH
Rochester Red Wings batting - Pitching for Lehigh Valley IronPigs : RHP James Costello
Batting: SHB Cameron Middleton 0-0: Ball
1-0: Swinging Strike
1-1: Ground out 1-3 (Groundball, P, EV 75.0 MPH)
Batting: LHB Tyler Blanche 0-0: Ball
1-0: Ball
2-0: Fly out, F6 (Popup, 6, EV 56.9 MPH)
Batting: RHB Jason Moltz 0-0: Fly out, F7 (Line Drive, 7S, EV 85.6 MPH)
Bottom of the 4th over - 0 runs, 0 hits, 0 errors, 0 left on base; Lehigh Valley 2 - Rochester 1
TOP OF THE 5TH
Lehigh Valley IronPigs batting - Pitching for Rochester Red Wings : RHP Alex Serrano
Batting: LHB Javier Guzman 0-0: Called Strike
0-1: Called Strike
0-2: Strikes out swinging
Batting: RHB Dan Petzoldt 0-0: Foul Ball, location: 3F
0-1: Ball
1-1: DOUBLE (Line Drive, 9LS, EV 95.0 MPH)
Batting: LHB Brian Dyer 0-0: Called Strike
0-1: Fly out, F8 (Flyball, 78S, EV 76.9 MPH)
Batting: RHB Carlos Ruiz 0-0: Ball
1-0: Foul Ball, location: 3FF
1-1: Swinging Strike
1-2: Fly out, F9 (Line Drive, 9, EV 98.8 MPH)
Top of the 5th over - 0 runs, 1 hit, 0 errors, 1 left on base; Lehigh Valley 2 - Rochester 1
BOTTOM OF THE 5TH
Rochester Red Wings batting - Pitching for Lehigh Valley IronPigs : RHP James Costello
Batting: RHB Joe Dougherty 0-0: Ball
1-0: Ball
2-0: Foul Ball, location: 9LMF
2-1: DOUBLE (Flyball, 89D, EV 97.5 MPH)
Batting: RHB J.J. Mick 0-0: Called Strike
0-1: Swinging Strike
0-2: Foul Ball, location: 9LMF
0-2: Strikes out swinging
Batting: RHB Kevin Moore 0-0: Ball
1-0: SINGLE (Line Drive, 9LS, EV 94.4 MPH)
Joe Dougherty to third
Batting: SHB Brent Newhouse 0-0: Ball
1-0: Called Strike
1-1: Ball
2-1: Called Strike
Kevin Moore steals 2nd base
2-2: Single, Error in OF, E8, batter to second base (Groundball, 6MD, EV 95.0 MPH)
Joe Dougherty scores
Kevin Moore scores
Batting: LHB Miguel Leon 0-0: Ground out 4-3 (Groundball, 4, EV 94.4 MPH)
Brent Newhouse to third
Batting: LHB Scott Wilhelm 0-0: Called Strike
0-1: SINGLE (Line Drive, 4MD, EV 95.0 MPH)
Brent Newhouse scores
Batting: SHB Cameron Middleton 0-0: Ball
1-0: Ball
2-0: Fielders Choice at 2nd, 5-4 (Groundball, 56, EV 81.9 MPH)
Bottom of the 5th over - 3 runs, 4 hits, 1 error, 1 left on base; Lehigh Valley 2 - Rochester 4
TOP OF THE 6TH
Lehigh Valley IronPigs batting - Pitching for Rochester Red Wings : RHP Alex Serrano
Batting: SHB Adam Arnett 0-0: Called Strike
0-1: Ball
1-1: Ball
2-1: Ground out U3 (Groundball, 34S, EV 90.0 MPH)
Batting: RHB Butch Kelley 0-0: Called Strike
0-1: Foul Ball, location: 2F
0-2: Ball
1-2: Ball
2-2: Ball
3-2: SINGLE (Groundball, 4MD, EV 108.1 MPH)
Batting: SHB Alex Espinoza 0-0: Swinging Strike
0-1: Swinging Strike
0-2: Ball
1-2: Foul Ball, location: 2F
1-2: Foul Ball, location: 7LSF
1-2: Fly out, F8 (Line Drive, 8LM, EV 95.6 MPH)
Batting: RHB Gomez Bessa 0-0: Swinging Strike
0-1: Called Strike
0-2: Ball
1-2: Strikes out swinging
Top of the 6th over - 0 runs, 1 hit, 0 errors, 1 left on base; Lehigh Valley 2 - Rochester 4
BOTTOM OF THE 6TH
Rochester Red Wings batting - Pitching for Lehigh Valley IronPigs : RHP James Costello
Batting: LHB Tyler Blanche 0-0: Ball
1-0: Ball
2-0: Called Strike
2-1: Foul Ball, location: 2F
2-2: Ball
3-2: Ground out 3-1 (Groundball, 34, EV 82.5 MPH)
Batting: RHB Jason Moltz 0-0: Ball
1-0: Ground out 4-3 (Groundball, 4, EV 86.9 MPH)
Batting: RHB Joe Dougherty 0-0: Ball
1-0: Called Strike
1-1: Foul Ball, location: 2F
1-2: Foul Ball, location: 7LDF
1-2: Ball
2-2: Ball
3-2: Strikes out swinging
Bottom of the 6th over - 0 runs, 0 hits, 0 errors, 0 left on base; Lehigh Valley 2 - Rochester 4
TOP OF THE 7TH
Lehigh Valley IronPigs batting - Pitching for Rochester Red Wings : RHP Alex Serrano
Batting: LHB Gordie Green 0-0: Foul Ball, location: 7LDF
0-1: Called Strike
0-2: Ball
1-2: Ball
2-2: Ball
3-2: Foul Ball, location: 7LDF
3-2: Foul Ball, location: 2F
3-2: Foul Ball, location: 2F
3-2: Fly out, F8 (Flyball, 8LM, EV 86.3 MPH)
Batting: LHB Javier Guzman 0-0: Swinging Strike
0-1: Foul Ball, location: 7LMF
0-2: Ball
1-2: Ball
2-2: SINGLE (Line Drive, 4MD, EV 100.0 MPH)
Pitching: RHP Jeff Robles
Pinch Hitting: LHB Juan Gutierrez 0-0: Ball
1-0: Ball
2-0: Ball
3-0: Called Strike
3-1: Foul Ball, location: 7LDF
3-2: Foul Ball, location: 2RF
3-2: Foul Ball, location: 7LMF
3-2: Grounds into double play, 4-6-3 (Groundball, 34, EV 96.3 MPH)
Top of the 7th over - 0 runs, 1 hit, 0 errors, 0 left on base; Lehigh Valley 2 - Rochester 4
BOTTOM OF THE 7TH
Rochester Red Wings batting - Pitching for Lehigh Valley IronPigs : RHP James Costello
Now at SS: Ben Culligan
Batting: RHB J.J. Mick 0-0: Ground out 5-3 (Groundball, 5S, EV 85.6 MPH)
Batting: RHB Kevin Moore 0-0: Fly out, F9 (Flyball, 9LSF, EV 98.1 MPH)
Batting: SHB Brent Newhouse 0-0: Ball
1-0: Foul Ball, location: 2F
1-1: Foul Ball, location: 2F
1-2: Ball
2-2: Foul Ball, location: 2F
2-2: Ball
3-2: Fly out, F7 (Flyball, 7S, EV 84.4 MPH)
Bottom of the 7th over - 0 runs, 0 hits, 0 errors, 0 left on base; Lehigh Valley 2 - Rochester 4
TOP OF THE 8TH
Lehigh Valley IronPigs batting - Pitching for Rochester Red Wings : RHP Jeff Robles
Pitching: RHP Mark Campbell
Batting: LHB Brian Dyer 0-0: Fly out, F7 (Flyball, 7S, EV 97.5 MPH)
Pinch Hitting: LHB Henry Quiroz 0-0: Called Strike
0-1: Foul Ball, location: 2F
0-2: Ball
1-2: Ball
2-2: Strikes out swinging
Batting: SHB Adam Arnett 0-0: Ball
1-0: Swinging Strike
1-1: Swinging Strike
1-2: Ball
2-2: Ball
3-2: Base on Balls
Batting: RHB Butch Kelley 0-0: Ball
1-0: Foul Ball, location: 2F
1-1: Called Strike
1-2: Ground out 4-3 (Groundball, 4, EV 80.0 MPH)
Top of the 8th over - 0 runs, 0 hits, 0 errors, 1 left on base; Lehigh Valley 2 - Rochester 4
BOTTOM OF THE 8TH
Rochester Red Wings batting - Pitching for Lehigh Valley IronPigs : RHP James Costello
Pitching: RHP Alan Ziemer
Now at 1B: Henry Quiroz
Now at 2B: Gomez Bessa
Batting: LHB Miguel Leon 0-0: Swinging Strike
0-1: Ball
1-1: Foul Ball, location: 2F
1-2: Ball
2-2: Strikes out swinging
Batting: LHB Scott Wilhelm 0-0: Ball
1-0: Ball
2-0: Foul Ball, location: 2F
2-1: Ball
3-1: Swinging Strike
3-2: SINGLE (Groundball, 34, EV 103.8 MPH)
Batting: SHB Cameron Middleton 0-0: Ball
1-0: Called Strike
1-1: Fielders Choice at 2nd, 5-4 (Groundball, 56, EV 103.8 MPH)
Batting: LHB Tyler Blanche 0-0: Called Strike
Cameron Middleton steals 2nd base
0-1: Ball
1-1: Ball
2-1: Ball
3-1: Base on Balls
Batting: RHB Jason Moltz 0-0: Fly out, F8 (Flyball, 8RS, EV 82.5 MPH)
Bottom of the 8th over - 0 runs, 1 hit, 0 errors, 2 left on base; Lehigh Valley 2 - Rochester 4
TOP OF THE 9TH
Lehigh Valley IronPigs batting - Pitching for Rochester Red Wings : RHP Mark Campbell
Pitching: RHP Dan Lindsey
Batting: SHB Alex Espinoza 0-0: Called Strike
0-1: Foul Ball, location: 7LDF
0-2: Fly out, F8 (Flyball, 78D, EV 82.5 MPH)
Batting: RHB Gomez Bessa 0-0: Called Strike
0-1: Foul Ball, location: 2F
0-2: Ball
1-2: Foul Ball, location: 2F
1-2: Ball
2-2: SINGLE (Line Drive, 5D, EV 106.9 MPH)
Batting: LHB Gordie Green 0-0: Ball
1-0: Ball
2-0: Fielders Choice at 2nd, 1-4 (Groundball, 25, EV 72.5 MPH)
Batting: LHB Javier Guzman 0-0: Ball
1-0: Ball
2-0: Foul Ball, location: 2F
2-1: Called Strike
2-2: SINGLE (Groundball, 34D, EV 95.0 MPH)
Gordie Green to second
Pinch Hitting: SHB Marco Calderon 0-0: Called Strike
0-1: Ball
1-1: Fly out, F8 (Line Drive, 8RD, EV 83.1 MPH)
Top of the 9th over - 0 runs, 2 hits, 0 errors, 2 left on base; Lehigh Valley 2 - Rochester 4
Wednesday, June 4th , 2025 - OOTP Baseball 26.4 Build 61